 Dungeon Crawl Stone Soup version 0.18.1-48-g4cf74bf (webtiles) character file.

9 Gadfly the Vexing (level 2, -1/11 HPs)
             Began as a Felid Enchanter on June 27, 2016.
             Slain by a kobold
             ... wielding a +0 whip
              (3 damage)
             ... on level 1 of the Dungeon.
             The game lasted 00:01:03 (316 turns).

Gadfly the Vexing (Felid Enchanter)                  Turns: 316, Time: 00:01:04

Health: -1/11      AC:  1    Str:  4    XL:     2   Next: 3%
Magic:  6/6        EV: 18    Int: 16    God:
Gold:   3          SH:  0    Dex: 16    Spells: 1 memorised, 4 levels left
                                        Lives:  0   Deaths: 0

rFire  . . .     SeeInvis +       - Unarmed
rCold  . . .     Gourm    .     (armour unavailable)
rNeg   . . .     Faith    .     (shield unavailable)
rPois  .         Spirit   .     (helmet unavailable)
rElec  .         Dismiss  .     (cloak unavailable)
rCorr  .         Reflect  .     (gloves unavailable)
SustAt .         Harm     .     (boots unavailable)
MR     .....                    (no amulet)
Stlth  +++.......               (no ring)
                                (no ring)

@: quick, not resistant to hostile enchantments, fairly stealthy
A: no armour, no weapons or thrown items, claws 1, fangs 3, see invisible,
carnivore 3, speed 1, shaggy fur 1, slow metabolism 1, sharp paws
a: no special abilities


You were on level 1 of the Dungeon.
You were very full.

You visited 1 branch of the dungeon, and saw 1 of its levels.

You collected 3 gold pieces.

Inventory:

Potions
 c - a potion of might {unknown}
 d - 2 potions of heal wounds {unknown}
 e - 2 potions of haste {unknown}
 f - a potion of lignification {unknown}
Books
 a - a book of Maledictions

   Spells                             Type                      Level
   a - Corona                         Hexes                        1
   b - Ensorcelled Hibernation        Hexes/Ice                    2
   c - Confuse                        Hexes                        3
   d - Tukima's Dance                 Hexes                        3
   e - Dazzling Spray                 Conjuration/Hexes            3
Comestibles
 b - a meat ration


   Skills:
 + Level 2.9 Dodging
 + Level 4.2 Stealth
 + Level 1.0 Unarmed Combat
 + Level 2.0 Spellcasting
 + Level 4.9 Hexes


You had 4 spell levels left.
You knew the following spells:

 Your Spells              Type           Power        Failure   Level  Hunger
a - Corona                Hex            ###....      3%          1    #......


Dungeon Overview and Level Annotations

Branches:
Dungeon (1/15)

Altars:
Ru


Innate Abilities, Weirdness & Mutations

You cannot wear armour.
You are incapable of wielding weapons or throwing items.
You have sharp claws.
You have razor-sharp teeth.
You have supernaturally acute eyesight.
You are carnivorous and can eat meat at any time.
You cover ground quickly.
You are covered in fur (AC +1).
You have a slow metabolism.
Your sharp claws are effective at attacking unaware monsters.


Message History

The kobold closely misses you.
You barely miss the kobold. The bat closely misses you.
The kobold closely misses you.
You barely miss the kobold. The bat hits you.
* * * LOW HITPOINT WARNING * * *
The kobold completely misses you.
You closely miss the kobold. The bat barely misses you. The kobold misses you.
You closely miss the kobold.
The kobold stops glowing.
The bat misses you. The kobold barely misses you.
You scratch the kobold.
The kobold is moderately wounded.
The kobold closely misses you. The bat closely misses you.
You closely miss the kobold.
The kobold is moderately wounded.
The bat hits you.
* * * LOW HITPOINT WARNING * * *
The bat hits you.
* * * LOW HITPOINT WARNING * * *
The kobold hits you with a whip.
You die...

...'...§# #..'..<§#
..≈≈≈ ≈.≈≈
...#...≈# .... ....
.####.≈§# .........
.# #.§§# ... .....
.# +.§## ##.#......
≈# ####
#.####.>#...... ≈#
##.......b.......
§# #####.. #..@K#
###......#.###....#
##..# #........#
#..##########.....#
..................#
...###########....#
#### #....# ######


You could see a bat and a kobold.

Vanquished Creatures
  5 bats (D:1)
  A goblin (D:1)
  A kobold (D:1)
  3 rats (D:1)
10 creatures vanquished.

Notes
Turn   | Place    | Note
--------------------------------------------------------------
     0 | D:1      | Gadfly the Felid Enchanter began the quest for the Orb.
     0 | D:1      | Reached XP level 1. HP: 7/7 MP: 4/4
   145 | D:1      | Found a sacrificial altar of Ru.
   156 | D:1      | Reached XP level 2. HP: 11/11 MP: 6/6
   316 | D:1      | Slain by a kobold

Action                   || total
-------------------------++-------
Melee: Unarmed           ||    28
       Bite              ||     1
 Cast: Corona            ||     3
 Stab: Sleeping          ||     5
  Eat: Chunk             ||     5
Armor: Skin              ||     2
Dodge: Dodged            ||    26
